 Dungeon Crawl Stone Soup version 0.29-b1-12-g9e2288ab2a (webtiles) character file.

Game seed: 15318615514004643544

541 Zeldest the Insei (level 7, -1/59 HPs)
             Began as a Meteoran Transmuter on Aug 23, 2022.
             Was an Initiate of Makhleb.
             Slain by a hound (5 damage)
             ... on level 5 of the Dungeon.
             The game lasted 00:04:11 (604 turns).

Zeldest the Insei (Meteoran Transmuter)              Turns: 604, Time: 00:04:11

Health: -1/59      AC:  2    Str: 13    XL:     7   Next: 81%
Magic:  11/12      EV: 12    Int: 16    God:    Makhleb [......]
Gold:   39         SH:  0    Dex: 14    Spells: 8/11 levels left

rFire   . . .      SeeInvis .     - Unarmed
rCold   . . .      Faith    .   (no shield)
rNeg    . . .      Spirit   .   a - +0 robe
rPois   .          Reflect  .   (helmet currently unavailable)
rElec   .          Harm     .   (no cloak)
rCorr   .          Rampage  .   (no gloves)
Will    .....                   (boots currently unavailable)
Stlth   +.........              (no amulet)
HPRegen 0.19/turn               (no ring)
MPRegen 0.13/turn               (no ring)

@: appendages, wereblooded, glowing
A: horns 2, talons 2, sense surroundings 1, otherworldly, glowing, explore regen
a: End Transformation, Renounce Religion


You were on level 5 of the Dungeon.
You worshipped Makhleb.
Makhleb was noncommittal.
You had temporarily grown beastly horns and talons.
You visited 1 branch of the dungeon, and saw 5 of its levels.

You collected 39 gold pieces.

Inventory:

Armour
 a - a +0 robe (worn)
Scrolls
 c - a scroll of enchant armour {unknown}


   Skills:
 + Level 4.2 Fighting
 - Level 2.4 Dodging
 + Level 5.8 Unarmed Combat
 - Level 2.6 Spellcasting
 + Level 5.2 Transmutations
 + Level 4.1 Invocations


You had 8 spell levels left.
You knew the following spells:

 Your Spells              Type           Power      Damage    Failure   Level
a - Beastly Appendage     Tmut           36%        N/A       2%          1
b - Wereblood             Tmut           18%        N/A       3%          2

Your spell library contained the following spells:

 Spells                   Type           Power      Damage    Failure   Level
 Spider Form              Tmut/Pois      10%        N/A       21%         3
 Ozocubu's Armour         Ice            2%         N/A       50%         3
 Ice Form                 Ice/Tmut       10%        N/A       54%         4
 Metabolic Englaciation   Hex/Ice        1%         N/A       99%         5
 Simulacrum               Ice/Necr       1%         N/A       100%        6


Dungeon Overview and Level Annotations

Branches:
Dungeon (5/15) Zot: 2397
 Temple: D:4-7

Altars:
Fedhas
Makhleb
Qazlal
Ru
Xom
Zin


Innate Abilities, Weirdness & Mutations

You have temporarily grown beastly horns and talons.
You passively map a small area around you.
You are easily found by Zot.
You glow in the dark.
You regain HP and MP as you explore.


Message History

The iguana is moderately wounded.
The hound closely misses you.
The iguana hisses menacingly.
The iguana misses you.
You hit the iguana but do no damage.
The iguana is moderately wounded.
The hound bites you but does no damage. The iguana closely misses you.
You barely miss the iguana. Your headbutt misses the iguana.
The iguana is moderately wounded.
The hound barely misses you. The hound closely misses you.
The iguana bites you!
You punch the iguana! You claw the iguana.
You feel a bit better.
You kill the iguana!
Makhleb accepts your kill. The hound bites you.
* * * LOW HITPOINT WARNING * * *
You hit the hound. Your headbutt misses the hound.
The hound is lightly wounded.
Your horns disappear.
Your talons disappear.
The hound bites you.
* * * LOW HITPOINT WARNING * * *
The hound bites you.
* * * LOW HITPOINT WARNING * * *
You hit the hound.
The hound is moderately wounded.
The hound bites you.
* * * LOW HITPOINT WARNING * * *
You barely miss the hound.
The hound is moderately wounded.
The hound barely misses you.
Casting: Wereblood (safe; 3% risk of failure)
Confirm with . or Enter, or press ? or * to list all spells.
You grow a pair of large bovine horns.
Your feet morph into talons.
The hound bites you.
* * * LOW HITPOINT WARNING * * *
The hound bites you but does no damage.
You hit the hound but do no damage.
The hound is moderately wounded.
The hound bites you.
You die...

, , , ,
##............. ,
..........<.... , ~
, #.............. ~
#.........#.... ~
*................ *
# #............., ,
* , ..##....†h......
, , *
#.......@.......
.......(.....### * ,
###..........### ,
*#............. ,
##..##.........### ,
#..[##.........#
###, ,
#...##.........#....
*
#...##...........#*
* #...###........###
<,


You could see a hound.

Vanquished Creatures
  A water moccasin (D:4)
  A sky beast (D:3)
  An ice beast (D:5)
  A black bear (D:5)
  2 hounds
  2 iguanas (D:5)
  2 adders
  A worm (D:5)
  2 orcs (D:5)
  3 endoplasms
  2 giant cockroaches
  2 hobgoblins (D:3)
  4 jackals (D:2)
  A quokka (D:4)
  A frilled lizard (D:3)
26 creatures vanquished.

Notes
Turn   | Place    | Note
-------+----------+-------------------------------------------
     0 | D:1      | Zeldest the Meteoran Transmuter began the quest for the
                  | Orb.
     0 | D:1      | Reached XP level 1. HP: 16/16 MP: 5/5
    80 | D:2      | Reached XP level 2. HP: 4/23 MP: 4/6
    83 | D:2      | Learned a level 2 spell: Wereblood
    87 | D:2      | Found a burning altar of Makhleb.
    97 | D:2      | Became a worshipper of Makhleb the Destroyer
   245 | D:3      | Noticed a hound
   251 | D:3      | Killed a hound
   252 | D:3      | Reached XP level 3. HP: 12/29 MP: 8/8
   252 | D:3      | Reached XP level 4. HP: 15/36 MP: 9/9
   275 | D:3      | Found a burning altar of Makhleb.
   276 | D:3      | Found a glowing silver altar of Zin.
   276 | D:3      | Found a stormy altar of Qazlal.
   276 | D:3      | Found a blossoming altar of Fedhas.
   283 | D:3      | Found a shimmering altar of Xom.
   283 | D:3      | Found a sacrificial altar of Ru.
   322 | D:3      | Noticed a sky beast
   332 | D:3      | Killed a sky beast
   333 | D:3      | Reached XP level 5. HP: 39/45 MP: 7/10
   465 | D:4      | Noticed a water moccasin
   478 | D:4      | Killed a water moccasin
   479 | D:4      | Reached skill level 5 in Unarmed Combat
   479 | D:4      | Reached XP level 6. HP: 15/51 MP: 11/11
   526 | D:5      | Entered Level 5 of the Dungeon
   562 | D:5      | Reached XP level 7. HP: 52/57 MP: 10/12
   590 | D:5      | Reached skill level 5 in Transmutations
   592 | D:5      | HP: 2/59 [iguana (4)]
   604 | D:5      | Slain by a hound

Illustrated notes

Levels and vault maps discovered:
D:1:      spicycebolla_arrival_xxxplode, layout_basic, serial_shops,
          nicolae_diamond_shop, serial_bayou_pond_a
D:2:      layout_basic, basic_altar
D:3:      minmay_evil_eye, layout_loops_ring, minmay_overflow_temple_hex,
          ebering_ecumenical_altar_sacrificial, serial_park_tiny_1
D:4:      layout_gridville, serial_shops, nicolae_lakefront_shop,
          minmay_manual_mullet
D:5:      layout_rooms, serial_shops, nicolae_shop_waterfront

Skill      XL: |  1  2  3  4  5  6  7 |
---------------+----------------------+-----
Fighting       | 2 3 4 |  4.2
Unarmed Combat | 4 5 |  5.8
Transmutations | 3 4 5 |  5.2
Invocations    | 2 3 4 |  4.1
Dodging        | |  2.4
Spellcasting   | |  2.6

Action                   |  1- 3 |  4- 6 |  7- 9 || total
-------------------------+-------+-------+-------++-------
Melee: Unarmed           |    34 |    55 |    28 ||   117
       Kick              |     5 |    20 |     7 ||    32
       Headbutt          |     3 |     9 |     7 ||    19
       Punch             |       |     2 |     1 ||     3
 Cast: Beastly Appendage |     5 |     6 |     2 ||    13
       Wereblood         |     1 |     4 |     1 ||     6
  Use: Potion            |       |     1 |     1 ||     2
Armor: Robe              |     6 |     7 |     4 ||    17
       Skin              |       |     5 |       ||     5
Dodge: Dodged            |    17 |    25 |    22 ||    64
